General information
- name: BNet
- type: Ladder team game (AT/RT)
- host: Battle.net
- saver: Gobiner
map: RiverOfSouls
- players: 6
- length: 59:09
- speed: Fast
- version: 1.21 W3XP
- replay type: Public
» download(470 KB)
Players
team 1 (loser)
Aewe (
purple | 110 APM | 6495 actions | 58:59)
6 Death Knight
3 Death Coil
1 Unholy Aura
1 Death Pact
1 Animate Dead
4 Dreadlord
2 Sleep
2 Vampiric Aura
5 Lich
3 Frost Nova
2 Frost Armor
» actions
| Assign group hotkey | 59 | |
| Basic commands | 1229 | |
| Build / train | 131 | |
| ESC pressed | 8 | |
| Enter build submenu | 30 | |
| Enter hero's abilities submenu | 15 | |
| Right click | 2894 | |
| Select / deselect | 967 | |
| Select group hotkey | 967 | |
| Use ability | 195 | |
6495 total
» units
| Acolyte | 16 | |
| Ghoul | 23 | |
| Gargoyle | 9 | |
| Obsidian Statue | 4 | |
| Frost Wyrm | 11 | |
| Meatwagon | 5 | |
68 total
» upgrades
| Ghoul Frenzy | 1 | |
| Freezing Breath | 1 | |
| Creature Attack | 3 | |
| Creature Carapace | 2 | |
| Exhume Corpses | 1 | |
8 total
» buildings
| Crypt | 3 | |
| Ziggurat | 14 | |
| Altar of Darkness | 1 | |
| Tomb of Relics | 1 | |
| Nerubian Tower | 8 | |
| Halls of the Dead | 2 | |
| Graveyard | 1 | |
| Necropolis | 1 | |
| Black Citadel | 4 | |
| Spirit Tower | 6 | |
| Sacrificial Pit | 1 | |
| Slaughterhouse | 1 | |
| Boneyard | 2 | |
45 total
» build order
00:15 Crypt
00:21 Ziggurat
00:37 Altar of Darkness
00:58 Ziggurat
01:55 Tomb of Relics
01:56 Nerubian Tower
04:05 Ziggurat
06:07 Halls of the Dead
06:07 Halls of the Dead
06:37 Graveyard
07:21 Ziggurat
07:51 Necropolis
08:26 Crypt
10:50 Ziggurat
11:01 Black Citadel
11:01 Black Citadel
11:01 Black Citadel
11:31 Ziggurat
12:22 Nerubian Tower
12:23 Spirit Tower
12:24 Spirit Tower
12:24 Spirit Tower
13:29 Crypt
13:35 Sacrificial Pit
13:50 Slaughterhouse
17:34 Boneyard
17:44 Ziggurat
19:38 Spirit Tower
19:40 Ziggurat
19:41 Ziggurat
19:43 Ziggurat
20:18 Ziggurat
21:44 Ziggurat
21:46 Ziggurat
21:48 Ziggurat
23:53 Boneyard
24:26 Nerubian Tower
24:27 Spirit Tower
24:50 Spirit Tower
24:52 Nerubian Tower
24:52 Nerubian Tower
24:55 Nerubian Tower
24:55 Nerubian Tower
» items
| Rod of Necromancy | 2 | |
| Dust of Appearance | 1 | |
| Orb of Corruption | 1 | |
4 total
Ballance_chuck (
teal | 106 APM | 6282 actions | 59:06)
4 Beastmaster
2 Summon Hawk
2 Summon Quilbeast
» actions
| Assign group hotkey | 72 | |
| Basic commands | 433 | |
| Build / train | 128 | |
| ESC pressed | 1 | |
| Enter build submenu | 23 | |
| Enter hero's abilities submenu | 4 | |
| Right click | 3229 | |
| Select / deselect | 1504 | |
| Select group hotkey | 574 | |
| Use ability | 314 | |
6282 total
» units
| Wisp | 35 | |
| Archer | 19 | |
| Glaive Thrower | 6 | |
| Huntress | 1 | |
| Mountain Giant | 2 | |
| Dryad | 3 | |
| Hippogryph | 21 | |
| Druid of the Talon | 4 | |
91 total
» upgrades
| Ultravision | 1 | |
| Strength of the Moon | 2 | |
| Improved Bows | 1 | |
| Vorpal Blades | 1 | |
| Strength of the Wild | 1 | |
| Nature's Blessing | 1 | |
| Reinforced Hides | 2 | |
| Sentinel | 1 | |
| Abolish Magic | 1 | |
| Hardened Skin | 1 | |
| Resistant Skin | 1 | |
| Druid of the Talon Training | 1 | |
14 total
» buildings
| Moon Well | 6 | |
| Altar of Elders | 2 | |
| Ancient of War | 2 | |
| Hunter's Hall | 1 | |
| Ancient of Wonders | 1 | |
| Tree of Ages | 1 | |
| Ancient of Lore | 3 | |
| Ancient Protector | 2 | |
| Ancient of Wind | 2 | |
| Tree of Eternity | 2 | |
| Chimaera Roost | 1 | |
23 total
» build order
00:18 Moon Well
00:21 Altar of Elders
00:31 Ancient of War
01:28 Moon Well
03:06 Hunter's Hall
03:11 Ancient of War
03:31 Moon Well
03:55 Moon Well
04:04 Ancient of Wonders
06:28 Tree of Ages
08:57 Ancient of Lore
11:32 Moon Well
11:34 Moon Well
12:27 Ancient Protector
12:33 Ancient Protector
13:40 Ancient of Lore
16:20 Ancient of Wind
17:22 Tree of Eternity
17:22 Tree of Eternity
32:15 Ancient of Wind
32:21 Ancient of Lore
32:56 Altar of Elders
34:06 Chimaera Roost
ndew (
yellow | 97 APM | 5696 actions | 59:00)
5 Death Knight
3 Death Coil
2 Unholy Aura
3 Pit Lord
2 Rain of Fire
1 Cleaving Attack
» actions
| Assign group hotkey | 41 | |
| Basic commands | 338 | |
| Build / train | 142 | |
| Enter build submenu | 31 | |
| Enter hero's abilities submenu | 8 | |
| Give item / drop item | 1 | |
| Right click | 2782 | |
| Select / deselect | 812 | |
| Select group hotkey | 1322 | |
| Use ability | 219 | |
5696 total
» units
| Acolyte | 3 | |
| Ghoul | 4 | |
| Crypt Fiend | 10 | |
| Necromancer | 19 | |
| Meatwagon | 7 | |
| Obsidian Statue | 6 | |
49 total
» upgrades
| Creature Attack | 2 | |
| Web | 1 | |
| Exhume Corpses | 1 | |
| Necromancer Training | 2 | |
| Skeletal Longevity | 1 | |
| Skeletal Mastery | 1 | |
| Unholy Armor | 1 | |
9 total
» buildings
| Graveyard | 1 | |
| Altar of Darkness | 1 | |
| Crypt | 1 | |
| Ziggurat | 20 | |
| Tomb of Relics | 1 | |
| Nerubian Tower | 7 | |
| Spirit Tower | 20 | |
| Halls of the Dead | 2 | |
| Slaughterhouse | 1 | |
| Temple of the Damned | 1 | |
| Black Citadel | 5 | |
60 total
» build order
00:17 Graveyard
00:36 Altar of Darkness
00:43 Crypt
01:08 Ziggurat
01:18 Ziggurat
01:53 Tomb of Relics
02:07 Nerubian Tower
02:07 Nerubian Tower
02:08 Nerubian Tower
03:59 Ziggurat
04:14 Ziggurat
04:18 Ziggurat
04:45 Ziggurat
04:57 Ziggurat
05:01 Ziggurat
05:15 Spirit Tower
06:20 Nerubian Tower
06:20 Nerubian Tower
06:22 Spirit Tower
06:22 Spirit Tower
06:22 Spirit Tower
06:24 Spirit Tower
06:24 Spirit Tower
06:33 Spirit Tower
06:33 Spirit Tower
07:07 Ziggurat
08:18 Halls of the Dead
09:51 Spirit Tower
09:51 Spirit Tower
10:35 Ziggurat
12:47 Ziggurat
12:49 Spirit Tower
12:49 Spirit Tower
13:48 Slaughterhouse
13:51 Spirit Tower
13:51 Spirit Tower
14:49 Temple of the Damned
15:31 Black Citadel
15:31 Black Citadel
15:31 Black Citadel
16:56 Ziggurat
19:29 Ziggurat
24:44 Ziggurat
24:46 Ziggurat
24:47 Ziggurat
24:48 Ziggurat
25:15 Spirit Tower
26:51 Ziggurat
26:53 Ziggurat
35:26 Ziggurat
» items
| Rod of Necromancy | 5 | |
| Sacrificial Skull | 6 | |
| Dust of Appearance | 2 | |
| Potion of Lesser Invulnerability | 1 | |
14 total
team 2 (winner)
Gobiner (
green | 44 APM | 2575 actions | 59:09)
6 Blademaster
3 Wind Walk
2 Critical Strike
1 Bladestorm
» actions
| Assign group hotkey | 18 | |
| Basic commands | 7 | |
| Build / train | 35 | |
| ESC pressed | 9 | |
| Enter build submenu | 31 | |
| Enter hero's abilities submenu | 6 | |
| Give item / drop item | 5 | |
| Right click | 1538 | |
| Select / deselect | 276 | |
| Select group hotkey | 483 | |
| Use ability | 167 | |
2575 total
» units
» buildings
| Altar of Storms | 2 | |
| Orc Burrow | 6 | |
| War Mill | 1 | |
| Watch Tower | 15 | |
24 total
» build order
00:05 Altar of Storms
00:15 Orc Burrow
00:18 War Mill
01:32 Watch Tower
02:04 Orc Burrow
02:12 Watch Tower
02:16 Watch Tower
02:22 Orc Burrow
02:39 Watch Tower
03:09 Orc Burrow
03:31 Watch Tower
03:33 Watch Tower
04:05 Watch Tower
04:50 Watch Tower
04:51 Watch Tower
04:56 Watch Tower
04:57 Watch Tower
05:05 Watch Tower
05:06 Watch Tower
05:58 Watch Tower
06:02 Watch Tower
08:47 Altar of Storms
08:50 Orc Burrow
10:02 Orc Burrow
» items
| Boots of Speed | 1 | |
| Staff of Teleportation | 1 | |
| Lesser Clarity Potion | 1 | |
| Moonstone | 1 | |
| Potion of Lesser Invulnerability | 2 | |
| Orb of Venom | 1 | |
7 total
Iceberg-Slim (
orange | 131 APM | 7758 actions | 59:06)
6 Warden
3 Shadow Strike
3 Blink
7 Pandaren Brewmaster
3 Breath of Fire
3 Drunken Haze
1 Storm Earth and Fire
» actions
| Assign group hotkey | 19 | |
| Basic commands | 223 | |
| Build / train | 80 | |
| ESC pressed | 4 | |
| Enter build submenu | 20 | |
| Enter hero's abilities submenu | 14 | |
| Give item / drop item | 7 | |
| Right click | 4293 | |
| Select / deselect | 936 | |
| Select group hotkey | 1952 | |
| Use ability | 210 | |
7758 total
» units
» upgrades
| Ultravision | 1 | |
| Well Spring | 1 | |
| Strength of the Wild | 3 | |
| Corrosive Breath | 1 | |
| Nature's Blessing | 1 | |
| Reinforced Hides | 3 | |
10 total
» buildings
| Altar of Elders | 1 | |
| Moon Well | 10 | |
| Tree of Life | 1 | |
| Tree of Ages | 1 | |
| Ancient of Wonders | 1 | |
| Hunter's Hall | 1 | |
| Tree of Eternity | 1 | |
| Ancient of Wind | 1 | |
| Chimaera Roost | 3 | |
20 total
» build order
00:05 Altar of Elders
00:19 Moon Well
00:48 Moon Well
04:43 Tree of Life
05:28 Tree of Ages
06:17 Moon Well
06:40 Ancient of Wonders
08:34 Moon Well
08:54 Moon Well
09:29 Hunter's Hall
09:40 Moon Well
09:50 Tree of Eternity
10:11 Ancient of Wind
10:46 Moon Well
12:22 Chimaera Roost
12:24 Chimaera Roost
13:29 Moon Well
14:22 Chimaera Roost
54:10 Moon Well
55:06 Moon Well
» items
| Staff of Teleportation | 1 | |
| Boots of Speed | 2 | |
| Orb of Venom | 1 | |
| Scroll of Town Portal | 7 | |
| Staff of Sanctuary | 1 | |
12 total
TIMG4STRok (
blue | 90 APM | 5293 actions | 59:06)
4 Pandaren Brewmaster
2 Breath of Fire
1 Drunken Haze
1 Drunken Brawler
4 Archmage
2 Blizzard
2 Brilliance Aura
» actions
| Assign group hotkey | 7 | |
| Basic commands | 48 | |
| Build / train | 134 | |
| ESC pressed | 3 | |
| Enter build submenu | 97 | |
| Enter hero's abilities submenu | 8 | |
| Give item / drop item | 9 | |
| Right click | 2844 | |
| Select / deselect | 451 | |
| Select group hotkey | 1238 | |
| Use ability | 454 | |
5293 total
» units
» upgrades
| Masonry | 3 | |
| Magic Sentry | 1 | |
| Priest Training | 2 | |
| Animal War Training | 1 | |
| Lumber Harvesting | 1 | |
| Armor | 2 | |
| Cloud | 1 | |
11 total
» buildings
| Farm | 7 | |
| Lumber Mill | 1 | |
| Scout Tower | 112 | |
| Altar of Kings | 1 | |
| Arcane Tower | 4 | |
| Guard Tower | 58 | |
| Keep | 1 | |
| Arcane Vault | 2 | |
| Arcane Sanctum | 1 | |
| Castle | 1 | |
| Blacksmith | 1 | |
| Gryphon Aviary | 2 | |
| Barracks | 1 | |
192 total
» build order
00:16 Farm
00:31 Lumber Mill
00:42 Scout Tower
00:45 Altar of Kings
01:04 Scout Tower
01:09 Arcane Tower
01:10 Arcane Tower
01:36 Guard Tower
01:48 Scout Tower
02:01 Farm
02:15 Scout Tower
02:17 Guard Tower
02:20 Scout Tower
02:43 Guard Tower
02:45 Scout Tower
02:47 Scout Tower
02:47 Scout Tower
02:56 Scout Tower
02:56 Scout Tower
02:58 Guard Tower
03:58 Guard Tower
04:03 Scout Tower
04:04 Scout Tower
04:09 Scout Tower
04:11 Scout Tower
04:14 Scout Tower
04:14 Scout Tower
04:15 Scout Tower
04:16 Scout Tower
04:17 Scout Tower
04:18 Scout Tower
04:20 Scout Tower
04:27 Guard Tower
04:50 Scout Tower
04:51 Scout Tower
04:52 Scout Tower
04:53 Scout Tower
05:00 Guard Tower
05:09 Guard Tower
05:13 Scout Tower
05:13 Scout Tower
05:14 Scout Tower
05:16 Scout Tower
05:20 Scout Tower
05:23 Scout Tower
05:29 Guard Tower
05:38 Scout Tower
05:39 Scout Tower
05:40 Scout Tower
05:41 Scout Tower
05:42 Scout Tower
05:43 Scout Tower
05:44 Scout Tower
05:44 Scout Tower
05:55 Guard Tower
05:57 Scout Tower
05:58 Scout Tower
05:58 Scout Tower
05:59 Scout Tower
06:11 Guard Tower
06:28 Guard Tower
06:48 Guard Tower
07:03 Guard Tower
07:03 Guard Tower
07:07 Guard Tower
07:14 Guard Tower
07:15 Guard Tower
07:17 Guard Tower
07:17 Guard Tower
07:18 Guard Tower
07:19 Guard Tower
07:19 Guard Tower
07:19 Guard Tower
07:22 Guard Tower
07:48 Keep
07:50 Guard Tower
07:52 Scout Tower
07:53 Scout Tower
08:07 Scout Tower
08:08 Scout Tower
08:09 Scout Tower
08:10 Scout Tower
08:25 Guard Tower
08:57 Scout Tower
08:58 Scout Tower
08:59 Scout Tower
09:00 Scout Tower
09:04 Scout Tower
09:06 Scout Tower
09:06 Scout Tower
09:08 Scout Tower
09:14 Guard Tower
09:31 Guard Tower
09:36 Scout Tower
09:36 Scout Tower
09:37 Scout Tower
09:38 Scout Tower
09:41 Guard Tower
10:01 Guard Tower
10:05 Scout Tower
10:06 Scout Tower
10:09 Guard Tower
10:11 Guard Tower
10:20 Farm
10:23 Scout Tower
10:34 Guard Tower
10:44 Guard Tower
10:55 Guard Tower
11:07 Arcane Vault
11:09 Guard Tower
11:57 Arcane Vault
12:03 Arcane Sanctum
12:43 Scout Tower
12:44 Scout Tower
12:48 Scout Tower
12:49 Scout Tower
12:50 Scout Tower
12:51 Scout Tower
13:32 Guard Tower
13:46 Guard Tower
13:49 Scout Tower
13:49 Scout Tower
13:50 Scout Tower
13:51 Scout Tower
13:51 Scout Tower
13:52 Scout Tower
13:54 Guard Tower
14:29 Scout Tower
14:30 Scout Tower
14:40 Scout Tower
14:41 Scout Tower
14:47 Guard Tower
15:11 Guard Tower
15:37 Guard Tower
16:23 Scout Tower
16:48 Scout Tower
16:48 Scout Tower
16:54 Guard Tower
17:19 Guard Tower
17:28 Scout Tower
17:29 Scout Tower
17:30 Scout Tower
17:31 Scout Tower
17:36 Scout Tower
17:37 Scout Tower
17:50 Castle
18:05 Arcane Tower
18:25 Blacksmith
18:31 Guard Tower
18:54 Gryphon Aviary
18:55 Gryphon Aviary
18:56 Guard Tower
19:02 Scout Tower
19:02 Scout Tower
20:01 Farm
20:01 Farm
20:02 Farm
20:03 Farm
20:06 Guard Tower
20:17 Barracks
20:23 Scout Tower
20:24 Scout Tower
20:25 Scout Tower
20:27 Scout Tower
21:25 Guard Tower
21:46 Scout Tower
21:48 Scout Tower
21:50 Scout Tower
21:51 Scout Tower
23:03 Guard Tower
23:19 Guard Tower
23:51 Scout Tower
23:52 Scout Tower
23:54 Scout Tower
23:55 Scout Tower
23:56 Scout Tower
23:56 Scout Tower
23:57 Scout Tower
23:58 Scout Tower
24:13 Scout Tower
24:14 Scout Tower
24:15 Scout Tower
24:17 Scout Tower
24:18 Scout Tower
24:56 Guard Tower
25:23 Guard Tower
25:36 Guard Tower
» items
| Boots of Speed | 1 | |
| Scroll of Regeneration | 3 | |
| Potion of Healing | 2 | |
| Lesser Clarity Potion | 1 | |
| Potion of Mana | 1 | |
| Staff of Sanctuary | 2 | |
| Orb of Venom | 1 | |
| Scroll of Town Portal | 3 | |
| Staff of Teleportation | 1 | |
| Potion of Invisibility | 2 | |
17 total
Chat log
(00:49 / All) TIMG4STRok: gl hf
(00:52 / All) Iceberg-Slim: gl hf
(09:53 / Allies) Gobiner: gold plez
(14:07 / All) Gobiner: nice surround
(20:50 / Allies) TIMG4STRok: gold for priests
(29:45 / Allies) Gobiner: 200g ?
(32:39 / Allies) TIMG4STRok: take out teal expo
(32:40 / Allies) TIMG4STRok: with chim
(32:41 / Allies) TIMG4STRok: plz
(58:51 / All) Iceberg-Slim: gg